AoeStats
← Cesarmusicaa

Nomad

507173055Analyzed
3v3 RM · 17d ago on Sep 17, 2026· 26m 37s· 6 players
Game mode
Random Map
Map size
210×210
Population
200
Speed
Normal
Resources
Standard
Victory
Conquest
Starting age
Dark Age
Ending age
Imperial Age
RankedLock teamsTeams togetherTeam positionsShared explorationLock speedFull tech treeHidden civsTurbo modeCheats
Victory
Defeat
🇷🇴 Lithuanians · Romania
699
+14
🇺🇸 Romans · United States
651
+15
🇬🇧 Magyars · United Kingdom
640
+16
🇨🇦 Huns · Canada
693
-17
🇺🇸 Franks · United States
624
-25
🇺🇸 Khmer · United States
606
-14
Cesarmusicaa
9:01 Loom
14:11 Feudal Age
14:36 Horse Collar
15:35 Wheelbarrow
17:19 Town Watch
21:21 Man-at-Arms
21:58 Gold Mining
28:28 Castle Age
jsx_001
17:03 Loom
19:04 Feudal Age
19:15 Man-at-Arms
19:42 Arson
19:47 Town Watch
20:09 Double-Bit Axe
21:50 Scale Mail Armor
22:56 Horse Collar
24:15 Stone Mining
25:27 Fletching
justifie
14:23 Feudal Age
15:48 Double-Bit Axe
15:56 Horse Collar
20:20 Fishing Lines
20:48 Gold Mining
21:08 Scale Barding Armor
26:42 Castle Age
CaptOblivious
rtower1994
15:59 Feudal Age
17:26 Wheelbarrow
17:02 Loom
17:58 Wheelbarrow
jamesrtross
Connection lost

Rejoining the realm…

Still unreachable

The connection could not be restored.

Session expired

The server has moved on; the page needs a fresh start.